[Event "FIDE World School-ch O-9 2025"]
[Site "Vrnjacka Banja"]
[Date "2025.03.22"]
[Round "3.1"]
[White "Agar, Garig"]
[Black "Ulan, Rizat"]
[Result "1/2-1/2"]
[Annotator "NA RC"]
[ECO "D38"]
[WhiteElo "1620"]
[BlackElo "1769"]
[PlyCount "81"]
[EventDate "2025.03.19"]
[EventType "swiss"]
[EventCountry "SRB"]
[SourceTitle "playchess.com"]
[Source "ChessBase"]
[SourceQuality "1"]
[TimeControl "5400+30"]

1. d4 Nf6 2. c4 e6 3. Nf3 d5 4. Nc3 Bb4 5. Qa4+ Nc6 6. Qc2 O-O 7. e3 a6 8. a3 Bd6 9. c5 Be7 10. Bd3 a5 11. O-O b6 12. Na4 Bd7 13. Bd2 Rb8 14. cxb6 cxb6 15. Nc3 Na7 16. Ne5 b5 17. Rfc1 Nc8 18. Nxd7 Qxd7 19. Ne2 Bd8 20. b4 a4 21. Qc6 Nd6 22. Qxd7 Nxd7 23. Nc3 Be7 24. e4 dxe4 25. Nxe4 Nxe4 26. Bxe4 Nf6 27. Bf3 Nd5 28. Ra2 Rfd8 29. Rac2 g5 30. h3 h6 31. Be3 Kg7 32. g4 Rd7 33. Rc8 Rxc8 34. Rxc8 Nb6 35. Rb8 Nc4 36. Bc6 Rc7 37. Bxb5 Nxa3 38. Bxa4 Rc4 39. Rb7 Rxb4 40. Rxb4 Bxb4 41. Bb3 1/2-1/2

[Event "FIDE World School-ch O-9 2025"]
[Site "Vrnjacka Banja"]
[Date "2025.03.22"]
[Round "3.2"]
[White "Nematillakhonov, Nurmuhammad"]
[Black "Bondarev, Fedor"]
[Result "0-1"]
[Annotator "NA RC"]
[ECO "D20"]
[WhiteElo "1767"]
[BlackElo "1598"]
[PlyCount "119"]
[EventDate "2025.03.19"]
[EventType "swiss"]
[EventCountry "SRB"]
[SourceTitle "playchess.com"]
[Source "ChessBase"]
[SourceQuality "1"]
[TimeControl "5400+30"]

1. d4 d5 2. c4 dxc4 3. e3 e5 4. Bxc4 exd4 5. Nf3 Nf6 6. Ng5 Bb4+ 7. Bd2 Bxd2+ 8. Qxd2 O-O 9. Qxd4 Qxd4 10. exd4 h6 11. Nf3 Nc6 12. O-O Bg4 13. Ne5 Nxd4 14. Nxg4 Nxg4 15. Nc3 Ne5 16. Bd5 c6 17. Rad1 Nf5 18. Be4 Ne7 19. f4 Nc4 20. Rd7 Nc8 21. b3 N4d6 22. Bb1 Rb8 23. Rd1 Ne8 24. Rd8 Nf6 25. Bf5 Ne7 26. Rxb8 Rxb8 27. Bb1 Kf8 28. Be4 Ke8 29. Bf3 Rd8 30. Re1 Rd2 31. Na4 Nfd5 32. a3 b6 33. b4 Kd7 34. Rc1 Nxf4 35. Nc3 f5 36. g3 Nfd5 37. Nb1 Rd3 38. Be2 Re3 39. Kf2 Kd6 40. Bc4 Re6 41. Nd2 Rf6 42. Bb3 b5 43. Bc2 Ng6 44. h3 Ne5 45. Bb1 Rf8 46. Rc2 Re8 47. Rc1 Rf8 48. Rc2 g5 49. Rc1 Kc7 50. Re1 Nc4 51. Nxc4 bxc4 52. Re6 f4 53. g4 c3 54. Be4 Rf6 55. Re5 Kd6 56. Re8 Re6 57. Rxe6+ Kxe6 58. Ke2 Ke5 59. Bf3 Kd4 60. Kd1 0-1

[Event "FIDE World School-ch O-9 2025"]
[Site "Vrnjacka Banja"]
[Date "2025.03.22"]
[Round "3.3"]
[White "Arsenijevic, Matija"]
[Black "Wee, Yu Heng Lucas John"]
[Result "0-1"]
[Annotator "NA RC"]
[ECO "E20"]
[WhiteElo "1586"]
[BlackElo "1680"]
[PlyCount "90"]
[EventDate "2025.03.19"]
[EventType "swiss"]
[EventCountry "SRB"]
[SourceTitle "playchess.com"]
[Source "ChessBase"]
[SourceQuality "1"]
[TimeControl "5400+30"]

1. d4 Nf6 2. c4 e6 3. Nc3 Bb4 4. Bd2 c5 5. a3 Bxc3 6. Bxc3 Ne4 7. Qc2 Nxc3 8. Qxc3 cxd4 9. Qxd4 O-O 10. Nf3 Nc6 11. Qc3 Qc7 12. e3 b6 13. Be2 Ba6 14. b4 Ne7 15. O-O d5 16. Qe5 Qxe5 17. Nxe5 f6 18. b5 Bxb5 19. cxb5 fxe5 20. Bg4 Nf5 21. Rac1 Rac8 22. h3 Kf7 23. Rfd1 g6 24. e4 h5 25. Bxf5 gxf5 26. exd5 exd5 27. Rxc8 Rxc8 28. Rxd5 Ke6 29. Rd1 Rc3 30. Ra1 Kd5 31. Kf1 Kc4 32. a4 Kb4 33. Rd1 Kxa4 34. Rd7 Kxb5 35. Rxa7 Kc4 36. Ke2 b5 37. Kd2 b4 38. Rd7 e4 39. Rf7 Rd3+ 40. Kc1 Rd5 41. Rf8 Kd3 42. Kb2 Ke2 43. f4 Kf2 44. Rg8 e3 45. Re8 e2 0-1

[Event "FIDE World School-ch O-9 2025"]
[Site "Vrnjacka Banja"]
[Date "2025.03.22"]
[Round "3.4"]
[White "Sultankhan, Nurislam"]
[Black "Zhanabayev, Arystan"]
[Result "1-0"]
[Annotator "NA RC"]
[ECO "A13"]
[WhiteElo "1649"]
[BlackElo "1507"]
[PlyCount "121"]
[EventDate "2025.03.19"]
[EventType "swiss"]
[EventCountry "SRB"]
[SourceTitle "playchess.com"]
[Source "ChessBase"]
[SourceQuality "1"]
[TimeControl "5400+30"]

1. Nf3 Nf6 2. b3 d5 3. Bb2 e6 4. e3 c5 5. Be2 Be7 6. O-O O-O 7. c4 Nc6 8. d4 cxd4 9. Nxd4 Nxd4 10. Qxd4 dxc4 11. Qxc4 Bd7 12. Nc3 Rc8 13. Qf4 Qa5 14. Rac1 Bb4 15. Ne4 Nxe4 16. Qxe4 Be7 17. Bd3 Qh5 18. Qxb7 Bd6 19. h3 Rcd8 20. Qe4 Bb8 21. Qd4 e5 22. Qe4 Be6 23. Ba3 f5 24. Qc6 Rf6 25. Bc4 Re8 26. Bxe6+ Rfxe6 27. Qd5 Qf7 28. Rfd1 Ra6 29. Qc5 h6 30. Rd2 Kh7 31. Rcd1 Ree6 32. Rd7 Qf6 33. Bb4 Rxa2 34. Rd8 Ra1 35. Qc8 Rxd1+ 36. Rxd1 Rb6 37. Qc4 e4 38. Rd7 Rc6 39. Qe2 Qe5 40. g3 Qe6 41. Re7 Qxb3 42. Qb5 Rc1+ 43. Kh2 Bxg3+ 44. Kxg3 Rg1+ 45. Kf4 Qb2 46. Qxf5+ Rg6 47. Be1 Qb8+ 48. Re5 Qd8 49. Kxe4 Qc7 50. Kf3 Qc6+ 51. Ke2 Kg8 52. Qe4 Qa6+ 53. Qd3 Qf6 54. Bc3 Qh4 55. Qxg6 Qc4+ 56. Qd3 Qa2+ 57. Kf1 Qf7 58. Qd5 a6 59. Re8+ Kh7 60. Qxf7 a5 61. Qxg7# 1-0

[Event "FIDE World School-ch O-9 2025"]
[Site "Vrnjacka Banja"]
[Date "2025.03.22"]
[Round "3.5"]
[White "Khabul, Chinzorig"]
[Black "Dede, Omer Taha"]
[Result "1-0"]
[Annotator "NA RC"]
[ECO "E43"]
[WhiteElo "1513"]
[BlackElo "1647"]
[PlyCount "141"]
[EventDate "2025.03.19"]
[EventType "swiss"]
[EventCountry "SRB"]
[SourceTitle "playchess.com"]
[Source "ChessBase"]
[SourceQuality "1"]
[TimeControl "5400+30"]

1. d4 Nf6 2. c4 e6 3. Nc3 Bb4 4. e3 b6 5. Be2 Bb7 6. Bf3 Nc6 7. a3 Be7 8. Nge2 Na5 9. Bxb7 Nxb7 10. e4 d6 11. Ng3 c5 12. d5 O-O 13. O-O a6 14. a4 Re8 15. Re1 Qd7 16. Qd3 exd5 17. exd5 Bf8 18. Bg5 Ng4 19. Nge4 Ne5 20. Qg3 Qg4 21. Qxg4 Nxg4 22. Nd2 Ne5 23. Nce4 h6 24. Bf6 Nd7 25. Bc3 f5 26. Ng3 g6 27. Ne2 g5 28. Ng3 f4 29. Nge4 Kf7 30. Re2 Bg7 31. Bxg7 Kxg7 32. Rae1 Kf7 33. Nf3 Rac8 34. h4 g4 35. Nh2 h5 36. Ng5+ Kf8 37. Ne6+ Kf7 38. Nxf4 Nf6 39. Nf1 Na5 40. Nd2 Rxe2 41. Rxe2 Re8 42. Kf1 Rxe2 43. Kxe2 Nd7 44. Nxh5 Ne5 45. b3 Kg6 46. Nf4+ Kf5 47. Nd3 Ng6 48. g3 Ne7 49. b4 Nb7 50. bxc5 bxc5 51. Nf1 Ke4 52. Ne3 Kd4 53. Nxg4 Kxc4 54. Ne3+ Kb3 55. h5 c4 56. Ne1 c3 57. h6 Kxa4 58. f4 Ng6 59. f5 Nh8 60. g4 Nd8 61. g5 Ndf7 62. Nf3 Kb3 63. h7 Nxg5 64. Nxg5 a5 65. f6 a4 66. f7 Nxf7 67. Nxf7 a3 68. h8=Q a2 69. Qb8+ Ka3 70. Nc2+ Ka4 71. Qb4# 1-0

[Event "FIDE World School-ch O-9 2025"]
[Site "Vrnjacka Banja"]
[Date "2025.03.22"]
[Round "3.6"]
[White "Shenal, Navindu"]
[Black "Batbileg, Boldbaatar"]
[Result "0-1"]
[Annotator "NA RC"]
[ECO "C26"]
[WhiteElo "1438"]
[BlackElo "1637"]
[PlyCount "106"]
[EventDate "2025.03.19"]
[EventType "swiss"]
[EventCountry "SRB"]
[SourceTitle "playchess.com"]
[Source "ChessBase"]
[SourceQuality "1"]
[TimeControl "5400+30"]

1. e4 e5 2. Nf3 Nc6 3. d3 Nf6 4. g3 Bc5 5. Bg2 O-O 6. O-O d6 7. h3 a6 8. Nc3 b5 9. Bg5 h6 10. Bxf6 Qxf6 11. Nd5 Qd8 12. c3 Bb7 13. Qd2 f5 14. Nh4 fxe4 15. dxe4 Kh7 16. Qe2 Ne7 17. Nxe7 Qxe7 18. Qg4 Rf6 19. Rad1 Qf7 20. Nf3 Rf8 21. Rd3 Qc4 22. Rd2 Qxe4 23. Qxe4+ Bxe4 24. Ng5+ hxg5 25. Bxe4+ Kg8 26. b4 Bb6 27. Kg2 a5 28. a3 c5 29. Bc6 axb4 30. axb4 cxb4 31. cxb4 Kh7 32. Bxb5 e4 33. Rc2 d5 34. Bc6 Rf5 35. g4 Re5 36. Re1 Rf4 37. Rce2 Kg8 38. b5 Kf7 39. Bd7 d4 40. Bc6 d3 41. Rd2 Ba5 42. b6 Bxb6 43. Rxd3 exd3 44. Rxe5 d2 45. Rd5 Rxf2+ 46. Kg3 Ke6 47. Rd3 Ke5 48. Bb7 Re2 49. Bf3 Rf2 50. Bb7 Ke6 51. Bc6 Re2 52. Bf3 Bc7+ 53. Rd6+ Bxd6# 0-1